 Dungeon Crawl Stone Soup version 0.28.0-1-gb440e238dd (webtiles) character file.

Game seed: 4445866719834038496

403 fknight the Chopper (level 6, 0/56 HPs)
             Began as a Hill Orc Monk on Feb 27, 2022.
             Slain by Ijyb (3 damage)
             ... while paralysed by Ijyb
             ... on level 3 of the Dungeon.
             The game lasted 00:08:43 (2789 turns).

fknight the Chopper (Hill Orc Monk)                 Turns: 2789, Time: 00:08:44

Health: 0/56       AC:  9    Str: 16    XL:     6   Next: 86%
Magic:  6/6        EV:  2    Int: 10    God:
Gold:   131        SH:  0    Dex: 13    Spells: 5/5 levels left

rFire   . . .      SeeInvis .   o - +2 rapier (protect)
rCold   . . .      Faith    .   (no shield)
rNeg    . . .      Spirit   .   m - +0 chain mail
rPois   .          Reflect  .   g - +0 helmet
rElec   .          Harm     .   (no cloak)
rCorr   .          Rampage  .   (no gloves)
Will    .....                   (no boots)
Stlth   ..........              (no amulet)
HPRegen 0.18/turn               (no ring)
MPRegen 0.10/turn               (no ring)

@: paralysed
A: no striking features
a: no special abilities


You were on level 3 of the Dungeon.
You visited 1 branch of the dungeon, and saw 3 of its levels.

You collected 131 gold pieces.

Inventory:

Hand Weapons
 a - a +0 hand axe
 c - a +0 scythe
 o - a +2 rapier of protection (weapon)
 q - a +0 spear
 r - a +0 spear
 s - a +1 vorpal hunting sling
Missiles
 l - 57 stones (quivered)
 n - 18 sling bullets
Armour
 b - a +0 robe
 g - a +0 helmet (worn)
 k - a +2 robe of resistance
 m - a +0 chain mail (worn)
Magical Staves
 d - a staff of air
Jewellery
 f - a ring of fire
Scrolls
 e - a scroll of fear {unknown}
 h - 2 scrolls of identify {unknown}
 i - 2 scrolls of immolation {unknown}
 j - 2 scrolls of brand weapon {unknown}
 p - a scroll of summoning {unknown}


   Skills:
 + Level 5.4 Fighting
 + Level 6.0 Axes
 + Level 3.7 Dodging
 + Level 3.4 Stealth


You had 5 spell levels left.
You didn't know any spells.
Your spell library contained the following spells:

 Spells                   Type           Power      Damage    Failure   Level
 Summon Guardian Golem    Hex/Summ       0%         N/A       100%        3
 Ice Form                 Ice/Tmut       0%         N/A       100%        4
 Statue Form              Tmut/Erth      0%         N/A       100%        6


Dungeon Overview and Level Annotations

Branches:
Dungeon (3/15)

Altars:
Wu Jian

Annotations:
D:3 Ijyb, Natasha


Message History

Natasha wildly gestures.
Natasha's front paws start to glow.
Natasha claws you. The shadow imp barely misses you.
The white imp hits you but does no damage.
Ijyb hits you but does no damage.
The crimson imp blinks!
Natasha claws you but does no damage. The shadow imp hits you.
You barely miss Ijyb. You punch Ijyb, but do no damage.
Ijyb is heavily wounded.
The white imp gestures at you. The puff of frost hits you!
Ijyb zaps a wand.
You suddenly lose the ability to move!
The now-empty wand crumbles to dust.
Natasha claws you but does no damage.
The shadow imp hits you but does no damage.
The white imp hits you.
* * * LOW HITPOINT WARNING * * *
The white imp freezes you.
* * * LOW HITPOINT WARNING * * *
Ijyb hits you with a +0 club.
* * * LOW HITPOINT WARNING * * *
The crimson imp hits you but does no damage.
Natasha claws you.
* * * LOW HITPOINT WARNING * * *
The shadow imp hits you but does no damage.
The white imp hits you but does no damage.
Ijyb barely misses you.
The crimson imp hits you but does no damage.
Natasha barely misses you.
The shadow imp hits you but does no damage.
The white imp hits you but does no damage.
Ijyb hits you but does no damage.
The crimson imp hits you but does no damage.
Natasha claws you.
* * * LOW HITPOINT WARNING * * *
The shadow imp hits you.
* * * LOW HITPOINT WARNING * * *
The white imp hits you but does no damage.
The white imp disappears in a puff of smoke!
The shadow imp disappears in a puff of smoke!
Ijyb hits you with a +0 club.
You die...

##############
##.....##.....##
##..............##
#................#
#....5...........#####
#...g@§..........##...
#...h.§.............##
#.................###
#................##
##..............##
##......#.....#######
###......####.......
........ #....... .
#.......


You could see Ijyb, Natasha and a crimson imp (summoned).

Vanquished Creatures
  Sigmund (D:3)
  An ogre (D:3)
  Natasha (twice) (D:3)
  4 adders
  A howler monkey skeleton (D:3)
  A worm (D:2)
  2 dart slugs
  An orc (D:3)
  4 ball pythons
  7 bats
  4 endoplasms
  2 giant cockroaches
  17 goblins
  3 hobgoblins
  A frilled lizard (D:2)
  6 kobolds
  5 rats
62 creatures vanquished.

Vanquished Creatures (others)
  5 plants (D:2)
  A withered plant (D:2)
6 creatures vanquished.

Grand Total: 68 creatures vanquished

Notes
Turn   | Place    | Note
-------+----------+-------------------------------------------
     0 | D:1      | fknight the Hill Orc Monk began the quest for the Orb.
     0 | D:1      | Reached XP level 1. HP: 19/19 MP: 1/1
   109 | D:1      | Reached XP level 2. HP: 11/27 MP: 2/2
   864 | D:1      | Got the Papyrus of Calling and Transmutation
   982 | D:2      | Reached XP level 3. HP: 33/33 MP: 3/3
  1050 | D:2      | Found an ornate altar of the Wu Jian Council.
  1400 | D:2      | Reached XP level 4. HP: 34/40 MP: 4/4
  1879 | D:2      | Found a faded altar of an unknown god.
  2175 | D:3      | Noticed Sigmund
  2217 | D:3      | Killed Sigmund
  2218 | D:3      | Reached skill level 5 in Fighting
  2218 | D:3      | Reached skill level 5 in Axes
  2218 | D:3      | Reached XP level 5. HP: 16/48 MP: 5/5
  2218 | D:3      | Reached XP level 6. HP: 19/56 MP: 6/6
  2480 | D:3      | Noticed Natasha
  2495 | D:3      | Killed Natasha
  2614 | D:3      | Noticed Natasha
  2626 | D:3      | Killed Natasha
  2685 | D:3      | Reached skill level 6 in Axes
  2771 | D:3      | Noticed Ijyb
  2771 | D:3      | Noticed Natasha
  2775 | D:3      | Paralysed by Ijyb for 5 turns
  2785 | D:3      | Paralysed by Ijyb for 6 turns
  2788 | D:3      | HP: 2/56 [shadow imp[Natasha] (1)]
  2789 | D:3      | Slain by Ijyb

Illustrated notes

Levels and vault maps discovered:
D:1:      dpeg_arrival_arbitrary_b, layout_loops_ring
D:2:      layout_rooms, basic_altar, shapermc_ecumenical_altar_flowoftime,
          supply_closet_lemuel
D:3:      layout_rooms, minmay_ogre_servants, uniq_ijyb, uniq_natasha,
          uniq_sigmund

Skill      XL: |  1  2  3  4  5  6 |
---------------+-------------------+-----
Fighting       | 4 5 |  5.4
Stealth        | 2 3 |  3.4
Axes           | 5 6 |  6.0
Dodging        | 3 |  3.7

Action                   |  1- 3 |  4- 6 || total
-------------------------+-------+-------++-------
Melee: Hand axe          |    93 |    22 ||   115
       Punch             |     1 |     5 ||     6
       Rapier            |       |   125 ||   125
 Fire: Hunting sling     |       |     8 ||     8
Throw: Stone             |     8 |     4 ||    12
  Use: Potion            |       |     4 ||     4
 Stab: Sleeping          |     4 |       ||     4
Armor: Robe              |    22 |     4 ||    26
       Chain mail        |       |   112 ||   112
Dodge: Dodged            |    52 |    47 ||    99
